 Dungeon Crawl Stone Soup version 0.21-b1-23-g1fb0a74 (webtiles) character file.

122 myopia the Spear-Bearer (level 5, -7/38 HPs)
             Began as a Merfolk Gladiator on Jan 5, 2018.
             Killed by divine providence
             ... invoked by an orc priest
              (14 damage)
             ... on level 3 of the Dungeon.
             The game lasted 00:05:42 (1692 turns).

myopia the Spear-Bearer (Merfolk Gladiator)         Turns: 1692, Time: 00:05:43

Health: -7/38      AC:  6    Str: 14    XL:     5   Next: 6%
Magic:  5/5        EV: 14    Int:  8    God:
Gold:   196        SH:  0    Dex: 16    Spells: 4/4 levels left

rFire    . . .     SeeInvis .   a - +0 trident
rCold    . . .     Gourm    .   (no shield)
rNeg     . . .     Faith    .   b - +0 leather armour
rPois    .         Spirit   .   c - +0 helmet
rElec    .         Reflect  .   p - +0 cloak
rCorr    .         Harm     .   m - +0 pair of gloves
MR       .....                  (no boots)
Stlth    +.........             (no amulet)
HPRegen  0.12/turn              (no ring)
MPRegen  0.09/turn              (no ring)

@: no status effects
A: change form in water, swift swim, stealthy swim
a: no special abilities


You were on level 3 of the Dungeon.
You were not hungry.

You visited 1 branch of the dungeon, and saw 3 of its levels.

You collected 196 gold pieces.

Inventory:

Hand Weapons
 a - a +0 trident (weapon)
Missiles
 d - 3 throwing nets (quivered)
Armour
 b - a +0 leather armour (worn)
 c - a +0 helmet (worn)
 m - a +0 pair of gloves (worn)
 p - a +0 cloak (worn)
Wands
 n - a wand of polymorph (15)
Scrolls
 e - 3 scrolls of teleportation
 g - a scroll of fear {unknown}
 j - 2 scrolls of identify
Potions
 h - a potion of brilliance {unknown}
 i - a potion of might {unknown}
 l - a potion of magic {unknown}
 q - a potion of degeneration {unknown}
Comestibles
 f - 6 rations
 o - 3 chunks of flesh


   Skills:
 - Level 2.1 Fighting
 + Level 8.1 Polearms
 - Level 2.0 Throwing
 - Level 4.0 Dodging


You had 4 spell levels left.
You didn't know any spells.

Dungeon Overview and Level Annotations

Branches:
Dungeon (3/15)

Altars:
Gozag


Message History

You are too injured to fight recklessly!
You are too injured to fight recklessly!
You barely miss the orc.
The orc is lightly wounded.
The orc hits you with a hand axe.
The orc priest calls down the wrath of Beogh upon you.
Beogh smites you!
* * * LOW HITPOINT WARNING * * *
You feel better.
You hit the orc priest.
The orc priest is lightly wounded.
The orc misses you. The orc priest barely misses you.
You hit the orc priest.
The orc priest is moderately wounded.
The orc hits you but does no damage.
You barely miss the orc priest.
The orc priest is moderately wounded.
The orc priest mumbles some strange prayers to Beogh against you.
Beogh smites you!
You die...

#########
.....o[.#
######o###
#..?.@o..#
#.####.#.#
#.#.# #.#.#
#.#.# # #.#.#
#. #...#.#
####.##.###.#
#.......# #.#


You could see an orc priest and an orc.

Vanquished Creatures
  4 adders
  A shadow imp (D:2)
  An ooze (D:1)
  A worm (D:2)
  A dart slug (D:3)
  A leopard gecko (D:2)
  2 orcs (D:3)
  5 giant cockroaches
  4 goblins
  9 hobgoblins
  6 jackals
  2 quokkas
  9 bats
  3 frilled lizards
  8 kobolds
  8 rats
65 creatures vanquished.

Notes
Turn   | Place    | Note
-------+----------+-------------------------------------------
     0 | D:1      | myopia the Merfolk Gladiator began the quest for the Orb.
     0 | D:1      | Reached XP level 1. HP: 16/16 MP: 1/1
   109 | D:1      | Reached skill level 5 in Polearms
   109 | D:1      | Reached XP level 2. HP: 11/22 MP: 2/2
   515 | D:1      | Reached skill level 6 in Polearms
   515 | D:1      | Reached XP level 3. HP: 26/27 MP: 3/3
   794 | D:2      | Reached skill level 7 in Polearms
   794 | D:2      | Reached XP level 4. HP: 30/33 MP: 4/4
  1168 | D:2      | Found an opulent altar of Gozag.
  1614 | D:3      | Reached skill level 8 in Polearms
  1626 | D:3      | Reached XP level 5. HP: 38/38 MP: 5/5
  1692 | D:3      | Killed from afar by an orc priest

Skill      XL: |  1  2  3  4 |
---------------+-------------+-----
Polearms       | 5 6 7 8 |  8.1
Fighting       | |  2.1
Throwing       | |  2.0
Dodging        | |  4.0

Action                   |  1- 3 |  4- 6 || total
-------------------------+-------+-------++-------
Melee: Trident           |   121 |   101 ||   222
  Use: Scroll            |     3 |       ||     3
       Potion            |       |     1 ||     1
 Stab: Sleeping          |     4 |     4 ||     8
       Distracted        |     1 |       ||     1
  Eat: Chunk             |       |     3 ||     3
Armor: Leather armour    |    16 |    17 ||    33
Dodge: Dodged            |    76 |    47 ||   123
